[Event "34th Pula Open 2022"]
[Site "Pula"]
[Date "2022.06.25"]
[Round "9.9"]
[White "Bochnicka, Vladimir"]
[Black "Ragger, Anna-Christina"]
[Result "1/2-1/2"]
[ECO "B33"]
[WhiteElo "2267"]
[BlackElo "2141"]
[Annotator "TA"]
[PlyCount "116"]
[EventDate "2022.06.18"]
[EventType "swiss"]
[EventCountry "CRO"]
[SourceTitle "playchess.com"]
[Source "ChessBase"]
[SourceQuality "1"]
[TimeControl "5400+30"]

1. e4 c5 2. Nf3 Nc6 3. d4 cxd4 4. Nxd4 Nf6 5. Nc3 e5 6. Ndb5 d6 7. Bg5 a6 8. Na3 b5 9. Nd5 Be7 10. Bxf6 Bxf6 11. c3 O-O 12. Nc2 Bg5 13. a4 bxa4 14. Rxa4 a5 15. Bc4 Rb8 16. b3 Kh8 17. Nce3 {[%emt 0:16:09] B33: Sicilian: Pelikan and Sveshnikov Variations.} Bxe3 18. Nxe3 Ne7 19. O-O {[%emt 0:07:47] White is slightly better.} f5 20. exf5 Bxf5 21. Nxf5 (21. Ra2 $14 {was preferrable.}) 21... Rxf5 $11 {[%emt 0:00:20] [#]} 22. Bd5 $146 ({Predecessor:} 22. Bd3 Rf6 23. Bc2 Qb6 24. b4 axb4 25. Rxb4 Qc7 26. Qd3 {½-½ (26) Karjakin,S (2678)-Khalifman,A (2632) Amsterdam 2007}) 22... Rf6 23. Qd2 Qb6 24. b4 Nxd5 25. Qxd5 Rbf8 26. Qd2 axb4 27. Rxb4 Qa7 28. h3 h6 29. Kh2 Qc5 30. Qd3 Qc7 31. Qg3 Qf7 32. f3 Rg6 33. Qe1 Re8 34. c4 Rf6 35. Qe3 Rf4 36. Rfb1 Rxc4 37. Rb8 Rcc8 38. R8b7 Rc7 39. Qa7 Rxb7 40. Rxb7 $15 {[%emt 0:00:08][%mdl 4096] Endgame KQR-KQR} Qf4+ 41. Kh1 Rc8 {[%emt 0:04:34] Threatens to win with ...Rc1+.} 42. Rb8 Qc1+ 43. Kh2 Kh7 (43... d5 $15) 44. Rxc8 $11 Qxc8 {[%emt 0:00:04] KQ-KQ} 45. Qe7 $1 Qc6 46. Qe6 Qc7 47. h4 Qd8 48. Kh3 {[%emt 0:00:05] [#]} Qf6 $1 49. Qd5 {[%emt 0:00:09] [#]} Qf5+ ({Black should play} 49... h5 $1 $17) 50. g4 {[%emt 0:00:44] The position is equal.} Qf4 51. h5 Qf6 52. Kg2 g6 53. Qb7+ Kg8 54. Qc8+ Kf7 55. Qd7+ Kf8 56. hxg6 Qxg6 57. Qd8+ Kg7 58. Qe7+ Kg8 {[%emt 0:00:16] Weighted Error Value: White=0.06 (flawless) /Black=0.08 (flawless)} 1/2-1/2

[Event "34th Pula Open 2022"]
[Site "Pula"]
[Date "2022.06.25"]
[Round "9.10"]
[White "Jurakic, Lukas"]
[Black "De Vleeschauwer, Maarten"]
[Result "1-0"]
[ECO "B48"]
[WhiteElo "2147"]
[BlackElo "2255"]
[Annotator "TA"]
[PlyCount "85"]
[EventDate "2022.06.18"]
[EventType "swiss"]
[EventCountry "CRO"]
[SourceTitle "playchess.com"]
[Source "ChessBase"]
[SourceQuality "1"]
[TimeControl "5400+30"]

1. e4 c5 2. Nf3 e6 3. d4 cxd4 4. Nxd4 Nc6 5. Nc3 Qc7 6. Be3 a6 7. Qf3 {[%emt 0:00:14] 7.g4 is the modern continuation. B48: Sicilian: Taimanov: 5 Nc3 Qc7 6 Be3 a6 without Be2.} Bd6 8. O-O-O Be5 $1 9. g3 {[%emt 0:01:08] The position is equal.} Nf6 10. Qe2 b5 11. Bg2 O-O 12. f4 Bxd4 13. Bxd4 Nxd4 14. Rxd4 {[%emt 0:00:26] [#] e5 is the strong threat.} e5 15. Rd3 (15. fxe5 $14 Qxe5 16. Qd2) 15... Bb7 {[%emt 0:06:26] [#]} 16. Rf1 $146 (16. g4 $11) ({Predecessor:} 16. Re1 Rac8 17. Qd2 Rfe8 18. a3 Qc4 19. f5 a5 20. g4 b4 21. Nb1 d5 22. exd5 {0-1 (30) Mitterwald,J (2189)-Maurer,J (2211) Austria 2018}) 16... Rfe8 (16... b4 $15 17. Nd5 Bxd5 18. exd5 Rae8) 17. a3 Rac8 18. f5 Red8 (18... h6 $11 {keeps the balance.}) 19. Rfd1 {[%emt 0:09:57] White is more active.} (19. g4 $16) 19... Qa5 {[%emt 0:02:20] [#]} ({Black should play} 19... Qb6 $14) 20. g4 $1 $18 {[%emt 0:07:49] Hoping for g5.} d5 21. Nxd5 ({White should try} 21. exd5 $18 b4 22. axb4 Qxb4 23. Qxe5) 21... Bxd5 $16 22. exd5 {[%emt 0:00:17] And now g5 would win.} Qa4 23. h3 Rd6 24. R1d2 Qf4 25. Qe3 Qxe3 26. Rxe3 Nd7 27. b3 f6 (27... Kf8 $16 28. g5 a5) 28. Kb2 $18 Nb6 29. Rc3 Kf7 (29... Rxc3 $142 30. Kxc3 a5) 30. Rxc8 Nxc8 {[%emt 0:00:03][%mdl 4096] Endgame KRB-KRN} 31. c4 bxc4 32. bxc4 Rb6+ $2 (32... Nb6) 33. Kc3 Nd6 (33... Ke8 $142 34. c5 Rb5) 34. c5 $1 Nb5+ 35. Kd3 Rb8 36. Rb2 {[%emt 0:01:02] Strongly threatening a4.} Rc8 37. a4 Nd4 38. Rb7+ Ke8 39. c6 Kf8 40. Be4 h5 41. gxh5 Kg8 42. Rb6 (42. c7 $142 Kf7 43. Rb8 Nxf5 44. Rxc8 Ne7 45. Bg6+ Nxg6 46. hxg6+ Kxg6 47. Rf8) 42... Kh7 43. d6 {[%emt 0:00:35] Weighted Error Value: White=0.16 (very precise) /Black=0.64} 1-0

[Event "34th Pula Open 2022"]
[Site "Pula"]
[Date "2022.06.25"]
[Round "9.11"]
[White "Petran, Peter"]
[Black "Sterck, Arno"]
[Result "1-0"]
[ECO "A12"]
[WhiteElo "2225"]
[BlackElo "2245"]
[Annotator "TA"]
[PlyCount "155"]
[EventDate "2022.06.18"]
[EventType "swiss"]
[EventCountry "CRO"]
[SourceTitle "playchess.com"]
[Source "ChessBase"]
[SourceQuality "1"]
[TimeControl "5400+30"]

1. c4 c6 2. Nf3 d5 3. b3 Bf5 4. Bb2 e6 5. g3 Nf6 6. Bg2 h6 7. O-O Be7 8. d3 O-O 9. Nbd2 a5 {[%emt 0:00:05] outshines the older 9...Nbd7.} 10. a3 Bh7 11. Qc2 Na6 {[%emt 0:00:43] A12: English Opening: 1...c6 with b3 by White.} 12. Rfc1 Rc8 13. Bc3 b5 {[%emt 0:05:43] The position is equal.} 14. Qb2 bxc4 15. bxc4 Rb8 16. Qc2 {[%emt 0:00:10] [#]} Bc5 $146 (16... Nc5 $14 {is superior.}) ({Predecessor:} 16... Nc5 17. Nd4 Qc7 18. cxd5 cxd5 19. Bxa5 Qxa5 20. Nc6 Qc7 21. Nxe7+ Qxe7 22. Qxc5 Qxc5 23. Rxc5 {½-½ (35) Gil Reguera,J (2400)-Campos Lopez,M (2335) Zaragoza 1991}) 17. Qa4 d4 18. Bxa5 Qd6 19. Rcb1 Rxb1+ (19... Ra8 $16) 20. Nxb1 ({White should try} 20. Rxb1 $18 {And now Bb6 would win.} Nd7 21. Ne1) 20... Ra8 (20... e5 $16) 21. Bb4 $1 $18 (21. Nbd2 $6 Nb8 $11) 21... Qb8 $2 (21... e5 $16 {is a better defense.}) 22. Bxc5 (22. Qxc6 Nxb4 23. Qxc5 Nc2 24. Nxd4 Nxa1 25. Bxa8 Qxb1+ 26. Kg2 Bg6 $14) 22... Nxc5 23. Qc2 ({White must play} 23. Qxc6 $18 Ra5 24. Nbd2 (24. Nxd4 Bxd3 25. exd3 Qb2 $16)) 23... e5 $14 24. Nfd2 {[%emt 0:00:33] Inhibits e4.} (24. Nbd2 $14) 24... Ra6 25. Ra2 Rb6 26. f3 e4 (26... Ne8 $11) 27. dxe4 ({White should play} 27. fxe4 $16 Ng4 28. a4) 27... Qd6 (27... Nfd7 $14) 28. Bf1 h5 29. a4 ({Better is} 29. Qd1 $16) 29... h4 $1 $11 30. a5 (30. gxh4 $6 Nfd7 31. a5 Rb7 $16) 30... Rb8 31. gxh4 Qf4 32. a6 Ncxe4 33. a7 $1 (33. fxe4 Ng4 34. Nf3 Qe3+ 35. Kh1 Bxe4 $17) 33... Ra8 34. Qb3 $1 $18 ({Inferior is} 34. fxe4 Ng4 35. Nf3 Qe3+ 36. Kh1 Bxe4 $11) ({Not} 34. Nxe4 Qe3+ 35. Kg2 (35. Kh1 $2 Nxe4 36. Qb2 Bf5 $19) 35... Nxe4 $11) 34... Nc5 {[%emt 0:00:14] Prevents Qb7.} 35. Qb6 Qd6 36. Bh3 Bxb1 37. Qxb1 d3 (37... Qc7 $142 38. Qa1 d3) 38. e3 Qe5 39. Nf1 {[%emt 0:00:54] Strongly threatening Qb6.} Qc7 {[%emt 0:00:30] Inhibits Qb6.} 40. Qa1 Nfd7 41. Qd4 {[%emt 0:03:10] Black must now prevent h5.} Rxa7 42. Rxa7 Qxa7 43. Bxd7 Qxd7 44. Qxd7 (44. Qxc5 $18 d2 45. Nxd2 $1 Qxd2 46. h5 (46. Qxc6 Qxe3+ 47. Kf1 Qd3+ 48. Kf2 Qd2+ 49. Kg3 Qe1+ 50. Kg4 Qg1+ 51. Kf5 g6+ 52. Ke4 Qe1+ 53. Kd3 Qd1+ 54. Kc3 Qe1+ 55. Kb3 Qxh4 $16)) 44... Nxd7 {[%emt 0:00:04][%mdl 4096] Endgame KN-KN} 45. Kf2 Ne5 46. Nd2 Kh7 47. e4 Kg6 48. f4 Ng4+ 49. Kg3 Kh5 50. e5 Ne3 (50... g6 $11) 51. Kf3 $16 Nf5 (51... Ng4 $16 {might work better.}) 52. Ke4 $18 Nxh4 53. Kxd3 {[%emt 0:00:09] Threatens to win with Ke4.} Kg4 (53... Kg6 $142 54. Ke4 f5+ 55. Ke3 Ng2+ 56. Kf3 Nh4+ 57. Ke3 (57. Kg3 Kh5 $18) 57... Ng2+ 58. Kf3 Nh4+ 59. Kg3 Kh5) 54. Ke4 f5+ 55. exf6 $2 (55. Ke3 $1 $18) 55... gxf6 $11 56. Nf1 f5+ 57. Ke5 {[%emt 0:00:07] aiming for Ne3+.} Nf3+ (57... Ng6+ $1 $11 {remains equal.} 58. Kd6 Nxf4) 58. Kd6 $16 Kxf4 59. Kxc6 {[%emt 0:00:14] Hoping for Kd5.} Ke5 (59... Ne5+ $16 {is a better chance.} 60. Kd5 Nd3) 60. c5 $18 Nd4+ 61. Kd7 $2 (61. Kb6 $18) 61... Kd5 $11 {[%emt 0:00:24] Inhibits c6.} 62. h4 Nf3 $2 (62... f4 $11) 63. h5 Ne5+ 64. Ke7 Ng4 {[%emt 0:00:31] [#]} 65. Ne3+ $1 Kxc5 {[%emt 0:00:08] [#]} (65... Nxe3 66. h6) 66. Nxf5 $2 (66. Ke6 $1 {mates} Kb4 (66... Nxe3 67. h6) 67. Kxf5 $1 Nxe3+ 68. Kg5 Kc4 69. h6 Kd5 70. h7 Nc2 71. Kf4) 66... Kd5 67. Kf7 {[%emt 0:01:01][%cal Of5e3] Intending Ne3+! and mate.} Ke5 $2 {[%emt 0:00:06][%mdl 8192] [#]} (67... Ke4 $11) 68. Ne3 $1 {[%emt 0:00:47][%mdl 512] White mates.} Nf6 69. h6 Nh7 70. Kg7 Ng5 71. Kg6 Ne6 72. Ng4+ Kf4 73. Nf6 Nf8+ 74. Kg7 Kg5 75. Ng4 Ne6+ 76. Kg8 Nf4 77. h7 Ng6 {[%emt 0:00:03] [#]} 78. Ne5 $1 {[%emt 0:00:22][%mdl 512] Weighted Error Value: White=0.35/Black=0.62} 1-0

[Event "34th Pula Open 2022"]
[Site "Pula"]
[Date "2022.06.25"]
[Round "9.12"]
[White "Medancic, Rikard"]
[Black "Dahl, Trygve"]
[Result "1/2-1/2"]
[WhiteElo "2145"]
[BlackElo "2237"]
[Annotator "TA"]
[PlyCount "38"]
[EventDate "2022.06.18"]
[EventType "swiss"]
[EventCountry "CRO"]
[SourceTitle "playchess.com"]
[Source "ChessBase"]
[SourceQuality "1"]
[TimeControl "5400+30"]

1. d4 Nf6 2. c4 Nc6 3. Nf3 e6 4. g3 Bb4+ 5. Bd2 Qe7 6. Nc3 Bxc3 $1 {[%emt 0:01:06] 6...Bxc3 is better than 6...0-0.} 7. Bxc3 Ne4 {[%emt 0:00:43] [#] A rather calm draw. E11: Bogo-Indian.} {Predecessor:} 8. Rc1 $146 O-O 9. Bg2 d6 10. d5 Nxc3 11. Rxc3 Nd8 12. O-O b6 13. dxe6 fxe6 14. Nd4 Rb8 15. Re3 Bd7 16. Qd3 a5 17. f4 Kh8 18. g4 g6 19. g5 e5 {0-1 (50) Ding,L (2791)-Rapport,R (2759) Chess.com INT 2020} 1/2-1/2